[Event "Late-Titled-Tuesday-Blitz-June-18-2024"]
[Site "Chess.com"]
[Date "2024.06.18"]
[Round "5"]
[White "legendisback1"]
[Black "Legit"]
[Result "0-1"]
[WhiteElo "3005"]
[BlackElo "2764"]
[TimeControl "180+1"]
[EndTime "14:59:10 PDT"]
[Termination "Legit won by checkmate"]

1. a3 g6 2. g3 Bg7 3. Bg2 d5 4.
c4 c6 5. cxd5 cxd5 6. Nf3 Nc6 7.
O-O Nh6 8. d4 Nf5 9. e3 O-O 10.
Nc3 e6 11. Ne1 b6 12. Nd3 Bb7 13. Re1 Rc8 14. Bd2 Na5 15. b3 Nd6 16. Rc1 Qe7 17.
Qc2 Ne4 18. Qb2 Nxd2 19. Qxd2 Nxb3 20. Qb2 Nxc1 21. Rxc1 Rc7 22. Rd1 Bc6 23. Nb4 Rfc8 24.
Bf1 Be8 25. Rc1 a5 26. Ncxd5 exd5 27. Nxd5 Qd6 28. Nxc7 Rxc7 29. Rb1 Rb7 30. Rc1 Rc7 31. Rb1 Rb7 32. Rc1 Bf8 33. Rc8 Rb8 34. Rc3 b5 35.
Rc5 Qb6 36. Re5 b4 37. axb4 Qxb4 38. Qa2 a4 39. Bc4 Qb1+ 40. Qxb1 Rxb1+ 41. Kg2 Rb8 42. Ra5 Ra8 43. Rxa8 Bc6+ 44. Kf1 Bxa8 45. Ke2 Be4 46. f3 Bb1 47. Kd2 Ba3 48. Kc3 Bc1 49. d5 Kf8 50.
d6 Bxe3 51. Kb4 Bc2 52. Bb5 Bd2+ 53. Ka3 Bc1+ 54. Kb4 a3 55. Bc4 Bb1 56. Kc5 a2 57. Bxa2 Bxa2 58. Kc6 Be6 59. Kc7 Bb2 60. f4 h5 61. d7 Bxd7 62. Kxd7 Kg7 63. Ke8 Bc1 64. Ke7 f5 65. Ke6 Be3 66. Ke5 Bg1 67. h3 Bh2 68. g4 hxg4 69. hxg4 fxg4 70. Ke4 Kf6 71. Ke3 Kf5 72. Kf2 Bxf4 73. Kg2 g5 74. Kh1 g3 75.
Kg2 Kg4 76. Kg1 Be5 77. Kf1 Bg7 78. Kg2 Bh6 79. Kf1 Kf3 80. Kg1 g2 81. Kh2 Kf2 82. Kh3 g4+ 83. Kxg4 g1=Q+ 84. Kh3 Qg3# 0-1

[Event "Late-Titled-Tuesday-Blitz-June-18-2024"]
[Site "Chess.com"]
[Date "2024.06.18"]
[Round "5"]
[White "DeTimmerman"]
[Black "sirinbaba33"]
[Result "1-0"]
[WhiteElo "2744"]
[BlackElo "2511"]
[TimeControl "180+1"]
[EndTime "14:59:15 PDT"]
[Termination "DeTimmerman won on time"]

1. Nf3 d5 2. c4 e6 3. e3 Nf6 4. b3 c6 5. Bb2 Bd6 6. Be2 Nbd7 7. O-O e5 8. cxd5 cxd5 9. Nc3 a6 10. d3 O-O 11. e4 d4 12. Nb1 Re8 13.
Nbd2 b5 14. a4 Rb8 15. Ba3 Qe7 16. Bxd6 Qxd6 17. Qc2 Rb6 18. Rfc1 Bb7 19. Qc7 Qf8 20. a5 Rc8 21. axb6 Rxc7 22. bxc7 Qc8 23. b4 Ne8 24.
Rc2 Nb6 25. Nxe5 g6 26. Bg4 f5 27. exf5 gxf5 28. Bf3 Bxf3 29. Ndxf3 Na8 30. Nxd4 Naxc7 31. Rac1 f4 32. Ne2 Qf5 33. d4 Qe4 34. Kf1 Qf5 35.
Rxc7 Nxc7 36. Rxc7 Qb1+ 37. Rc1 Qxb4 38. d5 Qd6 39. Rc8+ Kg7 40. Nd3 Qxd5 41. Nexf4 Qd6 42.
Rc7+ Kh8 43. Ra7 Qb6 44. Ra8+ Kg7 45. g4 b4 46. Nh5+ Kh6 47. Rf8 Qb7 48. h4 Qh1+ 49.
Ke2 Qe4+ 50. Kd2 Qxg4 51. Ng3 Qd7 52. Rf4 Kg7 53. Rxb4 Qa7 54. Ra4 a5 55. Nh5+ Kh6 56.
Nhf4 Qb6 57. Ra2 Qb5 58. Rb2 Qa4 59. Ke3 Qa3 60. Rb6+ Kg7 61. Nh5+ Kf8 62. Nf6 Qe7+ 63. Ne4 Qa3 64. Rb7 a4 65. Ng5 h6 66. Ne6+ Kg8 67. f4 1-0

[Event "Late-Titled-Tuesday-Blitz-June-18-2024"]
[Site "Chess.com"]
[Date "2024.06.18"]
[Round "5"]
[White "bob1263"]
[Black "farzadbfd"]
[Result "1/2-1/2"]
[WhiteElo "2516"]
[BlackElo "2695"]
[TimeControl "180+1"]
[EndTime "14:59:16 PDT"]
[Termination "Game drawn by repetition"]

1. d4 Nf6 2. c4 e6 3. Nc3 Bb4 4. Bg5 h6 5. Bh4 d5 6. e3 c5 7. cxd5 exd5 8. Nf3 g5 9. Bg3 Ne4 10. Rc1 Qa5 11. Qc2 Qxa2 12. Bd3 Bxc3+ 13. bxc3 Qxc2 14. Rxc2 Bf5 15. Be5 O-O 16. dxc5 Nd7 17. Bd4 Rfc8 18. h4 g4 19. Ne5 Nxe5 20. Bxe5 Rxc5 21. f3 Ng3 22. Bxf5 Nxf5 23. Kd2 h5 24. fxg4 hxg4 25. Rf1 Nxh4 26. Rh1 Ng6 27. Bd4 Rc6 28. Rh5 Rd6 29. Rc1 Rc8 30. Rch1 Kf8 31. Rh8+ Nxh8 32. Rxh8+ Ke7 33.
Rxc8 Ra6 34. Rc7+ Ke6 35. Rxb7 Ra2+ 36. Ke1 Rxg2 37. Rxa7 Kf5 38. Kf1 Rc2 39. Rxf7+ Ke4 40.
Rf4+ Kd3 41. Rxg4 Rc1+ 42. Kf2 Rc2+ 43. Kg3 Re2 44. Rf4 Kc4 45. Rf5 Re1 46. Kf4 Rh1 47. Ke5 Rh8 48. Rf6 Re8+ 49. Kf5 Kd3 50. Rd6 Kc4 51.
Re6 Rd8 52. e4 dxe4 53. Rxe4 Kd3 54. Re6 Kc4 55. Ke5 Rd5+ 56. Kf6 Rd8 57. Re7 Rd5 58. Ke6 Rh5 59. Rc7+ Kb5 60. Be5 Rh4 61. c4+ Rxc4 62. Rb7+ Kc6 63. Rc7+ Kb5 64. Rb7+ Kc6 65. Rb1 Rc2 66.
Rb3 Rc4 67. Rb8 Kc5 68. Rc8+ Kb5 69. Rb8+ Kc6 70. Bd6 Re4+ 71. Be5 Rc4 72. Rc8+ Kb5 73. Rb8+ Kc6 1/2-1/2

[Event "Late-Titled-Tuesday-Blitz-June-18-2024"]
[Site "Chess.com"]
[Date "2024.06.18"]
[Round "5"]
[White "mfschulz"]
[Black "Masterisback04"]
[Result "0-1"]
[WhiteElo "2202"]
[BlackElo "2131"]
[TimeControl "180+1"]
[EndTime "14:59:16 PDT"]
[Termination "Masterisback04 won by checkmate"]

1. d4 Nf6 2. Bg5 Ne4 3. Bf4 c5 4. f3 Nf6 5. d5 Qb6 6. Nc3 g6 7. e4 Bg7 8. Bc4 O-O 9. Nge2 d6 10. O-O Nh5 11. Bd2 Nd7 12. a4 a6 13.
a5 Qa7 14. g4 Ne5 15. b3 Nf6 16.
Na4 Nxc4 17. bxc4 h5 18. g5 Nh7 19. h4 f6 20. Nb6 Bh3 21. Rf2 fxg5 22. hxg5 Rae8 23.
Kh2 Bc8 24. Bc3 Nxg5 25. Bxg7 Kxg7 26. Ng3 Bg4 27. Nf5+ gxf5 28. fxg4 fxg4 29. Rf5 Rxf5 30. exf5 Qb8 31. Qd3 Nf3+ 32. Kg3 Ne5 33. Qe4 Kf6 34. Rh1 Rh8 35. Qf4 h4+ 36. Rxh4 Rxh4 37. Kxh4 Qh8+ 38. Kg3 Qh3+ 39. Kf2 Qh4+ 40. Qg3 Qxg3+ 41. Kxg3 Kxf5 42.
Nc8 Kf6 43. Kf4 Nxc4 44. Kxg4 Nxa5 45. Kf4 Nc4 46. Ke4 a5 47. Kd3 b5 48. Na7 Ne5+ 49.
Kc3 b4+ 50. Kb3 Kf5 51. Ka4 Ke4 52. Nc6 Kxd5 53. Nxe7+ Kc4 54. Kxa5 d5 55. Ka4 d4 56. Nf5 Kc3 57. Nd6 c4 58. Nb5+ Kxc2 59. Nxd4+ Kd3 60. Nb5 b3 61. Ka3 Nc6 62. Kb2 Nd4 63. Nd6 c3+ 64. Kb1 c2+ 65. Kb2 Ne2 66. Nb5 c1=Q+ 67. Kxb3 Qc4+ 68. Ka3 Qxb5 69. Ka2 Kc2 70. Ka3 Qb3# 0-1

[Event "Late-Titled-Tuesday-Blitz-June-18-2024"]
[Site "Chess.com"]
[Date "2024.06.18"]
[Round "5"]
[White "Annawel"]
[Black "dropstoneDP"]
[Result "1-0"]
[WhiteElo "3085"]
[BlackElo "2972"]
[TimeControl "180+1"]
[EndTime "14:59:18 PDT"]
[Termination "Annawel won on time"]

1. e4 e5 2. Nf3 Nf6 3. d3 Nc6 4. g3 d5 5. exd5 Nxd5 6. Bg2 Bc5 7. O-O O-O 8. Nc3 Nxc3 9. bxc3 h6 10. Re1 Re8 11. d4 exd4 12. Rxe8+ Qxe8 13. cxd4 Bd6 14. c4 Bg4 15. Be3 Rd8 16. Qc2 b6 17. Nd2 Nb4 18. Qb3 c5 19. Ne4 Bf8 20. dxc5 bxc5 21. Nxc5 Bxc5 22.
Bxc5 Qe5 23. Rb1 Qxc5 24. h3 Nd3 25. hxg4 Qxf2+ 26. Kh2 Ne1 27. Rb2 Nf3+ 28. Kh3 Ng1+ 29. Kh2 Nf3+ 30. Kh3 Ng5+ 31. Kh2 Qe1 32. Qc2 g6 33.
Qf2 Qc3 34. Bd5 Rd7 35. Rc2 Qa1 36. Bg2 Kg7 37. c5 Qe5 38. c6 Rc7 39. Qf4 Qxf4 40. gxf4 Ne6 41. Kg3 f5 42. gxf5 Nd4 43. Rd2 Nxf5+ 44.
Kf2 Kf6 45. Be4 h5 46. Rd8 Ke6 47. Rg8 Ne7 48. Rd8 Nxc6 49. Rf8 Ne7 50. Ra8 Rc4 51.
Ke3 Ra4 52. Bc2 Nd5+ 53. Kd2 Rxa2 54. Kc1 Nxf4 55. Bb3+ Kf5 56. Bxa2 h4 57. Rxa7 h3 58. Rh7 Kg4 59. Kd2 Kg3 60. Ke3 g5 61. Bc4 g4 62.
Ba6 h2 63. Bb7 Nh3 64. Ke2 Nf4+ 65. Kf1 Ng6 66. Rh6 Nh4 67. Ba8 1-0

[Event "Late-Titled-Tuesday-Blitz-June-18-2024"]
[Site "Chess.com"]
[Date "2024.06.18"]
[Round "5"]
[White "yaguigor"]
[Black "Road2GM3000"]
[Result "1/2-1/2"]
[WhiteElo "2637"]
[BlackElo "2460"]
[TimeControl "180+1"]
[EndTime "14:59:21 PDT"]
[Termination "Game drawn - insufficient material"]

1. Nf3 d5 2. d4 Nf6 3. c4 c6 4. Nc3 a6 5. c5 Nbd7 6. Bf4 Nh5 7.
e3 Nxf4 8. exf4 Nf6 9. Ne5 g6 10. Bd3 Bg7 11. O-O O-O 12. Qc2 Ng4 13. h3 Nf6 14. b4 Nd7 15. a4 f6 16. Nf3 e5 17.
fxe5 fxe5 18. dxe5 Nxe5 19. Nxe5 Bxe5 20. Rad1 Qf6 21.
Ne2 Bd7 22. f4 Bc7 23. Rb1 Rae8 24. b5 axb5 25. axb5 Re7 26. b6 Bb8 27. Ra1 Bxf4 28. Nxf4 Qd4+ 29. Kh1 Rxf4 30. Ra8+ Kg7 31. Rxf4 Qxf4 32.
Qb2+ Kh6 33. Ra1 Bxh3 34. Qc1 Qxc1+ 35. Rxc1 Bf5 36. Bxf5 gxf5 37. Ra1 Kg5 38. Ra8 Rd7 39. Kg1 d4 40. Kf2 Rd5 41. Rb8 Rxc5 42. Rxb7 Rc2+ 43. Kf3 Rc3+ 44. Ke2 c5 45. Rc7 c4 46. b7 Rc2+ 47.
Kf3 Rb2 48. Rxc4 Rxb7 49. Rxd4 Rb3+ 50. Kf2 h5 51. g3 Rb2+ 52. Kf3 Rb3+ 53. Kf2 Ra3 54. Rc4 Ra6 55. Kf3 Re6 56. Rb4 Re1 57. Ra4 Re4 58. Ra8 Rb4 59. Rg8+ Kf6 60. Rh8 Kg6 61.
Rg8+ Kh7 62. Rf8 Rb5 63. Rf6 Kg7 64. Ra6 Rb4 65. Rc6 Rg4 66. Rb6 Rg6 67. Rb5 Kf6 68. Rb6+ Kg5 69. Rb8 h4 70. gxh4+ Kxh4 71. Kf4 Rg4+ 72.
Kxf5 Rg7 73. Kf4 Rf7+ 74. Ke3 Kg5 75. Rg8+ Kf6 76. Re8 Re7+ 77. Rxe7 Kxe7 1/2-1/2

[Event "Late-Titled-Tuesday-Blitz-June-18-2024"]
[Site "Chess.com"]
[Date "2024.06.18"]
[Round "5"]
[White "CrimeFightingSpider07"]
[Black "CoachVadim"]
[Result "1/2-1/2"]
[WhiteElo "2515"]
[BlackElo "2395"]
[TimeControl "180+1"]
[EndTime "14:59:29 PDT"]
[Termination "Game drawn - insufficient material"]

1. d4 d5 2. Nf3 Nf6 3. c4 c6 4. e3 e6 5. Nc3 Nbd7 6. Bd3 dxc4 7. Bxc4 b5 8. Bd3 a6 9. O-O c5 10. dxc5 Nxc5 11. Bc2 Bb7 12. b4 Nce4 13. Nxe4 Nxe4 14.
a3 Qf6 15. Bxe4 Bxe4 16. Qd4 Qxd4 17. Nxd4 Be7 18. Bb2 Rc8 19. Rac1 O-O 20. f3 Bd3 21.
Rfd1 Bc4 22. Kf2 Bf6 23. Ba1 Rfd8 24. f4 Bd5 25. Bb2 Kf8 26. Rxc8 Rxc8 27. Rc1 Rxc1 28. Bxc1 e5 29. fxe5 Bxe5 30. g3 Ke7 31. Bb2 Kd7 32.
Ke2 g6 33. Bc1 f5 34. Nf3 Bc4+ 35. Kd2 Bf6 36. Kc2 Kd6 37. Bb2 Bxb2 38. Kxb2 Kd5 39.
Kc3 Ke4 40. Nd2+ Kxe3 41. Nxc4+ bxc4 42. a4 g5 43. b5 axb5 44. axb5 f4 45. gxf4 gxf4 46. b6 f3 47. b7 f2 48. b8=Q f1=Q 49. Qe5+ Kf3 50. Qf5+ Kg2 51. Qxh7 Qc1+ 52. Kb4 Qd2+ 53.
Kxc4 Qf4+ 54. Kd3 Qxh2 55. Qb7+ Kg3 56. Qc7+ Kg2 57. Qc6+ Kg3 58. Qd6+ Kg2 59. Qd5+ Kg3 60. Qe5+ Kg2 61. Qe4+ Kf2 62. Qe3+ Kf1 63. Qc1+ Kg2 64.
Qc6+ Kh3 65. Qe6+ Kg2 66. Qe4+ Kg1 67. Qe1+ Kg2 68. Ke4 Qh7+ 69. Ke3 Qe7+ 70. Kd2 Qxe1+ 71. Kxe1 1/2-1/2

[Event "Late-Titled-Tuesday-Blitz-June-18-2024"]
[Site "Chess.com"]
[Date "2024.06.18"]
[Round "5"]
[White "Barboval"]
[Black "Byniolus"]
[Result "0-1"]
[WhiteElo "2543"]
[BlackElo "2759"]
[TimeControl "180+1"]
[EndTime "14:59:30 PDT"]
[Termination "Byniolus won by checkmate"]

1. d4 d6 2. e4 Nf6 3. Nc3 c6 4. Be3 Qb6 5. Rb1 Ng4 6. Qd2 Nxe3 7.
Qxe3 e5 8. Nf3 Nd7 9. Bc4 Be7 10.
O-O Bf6 11. Rfd1 O-O 12. Ne2 Re8 13. Qa3 Be7 14. d5 Nf6 15. Ng3 cxd5 16. Bxd5 Nxd5 17. exd5 f5 18. c4 Bf6 19. Nh5 Be7 20. b4 g6 21.
Ng3 Bd7 22. Rbc1 a5 23. b5 Rac8 24. Qb3 Bf6 25. a4 e4 26. Nd2 e3 27. Nf3 exf2+ 28.
Kf1 Re3 29. Rd3 f4 30. Ne2 Bf5 31. Rxe3 fxe3 32. h3 Re8 33. Rd1 Qc5 34. Nfd4 Be4 35. Ne6 Qb6 36. Rd3 Bxd3 37. Qxd3 Bg7 38. N2f4 Be5 39.
Ne2 Qa7 40. g3 Qb8 41. Kg2 Re7 42. Qe4 Qe8 43. Qxe3 Rf7 44. N2f4 Bxf4 45. gxf4 Qe7 46. Qxf2 Qf6 47. Qf3 Qb2+ 48. Kg3 Qf6 49. h4 h5 50.
Qe4 Re7 51. Kf3 b6 52. Qd3 Qf5 53. Qxf5 gxf5 54. Ke3 Kf7 55. Kd4 Kf6 56. Kd3 Rd7 57. Kd4 Re7 58. Nd8 Rg7 59. Ne6 Rg4 60. c5 dxc5+ 61.
Kc4 Rxh4 62. Nd8 Rxf4+ 63. Kc3 Rxa4 64. Nb7 Rd4 65. Nd6 Rxd5 66. Nc8 Re5 67. Nxb6 Re3+ 68. Kd2 Re6 69. Nd5+ Ke5 70. Nc3 Rb6 71. Kd3 h4 72. Kc4 h3 73. Ne2 h2 74. Ng3 Rg6 75. Nh1 Rg1 76. Nf2 Rf1 77. Nh1 Rxh1 78. Kxc5 Rc1+ 79.
Kb6 h1=Q 80. Ka6 Qa8+ 81. Kb6 Qb8+ 82. Ka6 Rb1 83. b6 Qxb6# 0-1

[Event "Late-Titled-Tuesday-Blitz-June-18-2024"]
[Site "Chess.com"]
[Date "2024.06.18"]
[Round "5"]
[White "gabduschew"]
[Black "lucasran"]
[Result "1-0"]
[WhiteElo "2373"]
[BlackElo "2580"]
[TimeControl "180+1"]
[EndTime "14:59:34 PDT"]
[Termination "gabduschew won by resignation"]

1. e4 c6 2. d4 d5 3. e5 Bf5 4. h4 h5 5. Bd3 Bxd3 6. Qxd3 Qa5+ 7. Nd2 Qa6 8. c4 e6 9. Ne2 Bb4 10. b3 Nh6 11. a3 Nf5 12. Ng3 Nxg3 13. fxg3 dxc4 14. bxc4 c5 15. O-O Bxd2 16. Bxd2 cxd4 17. Bb4 Nc6 18. Bd6 Rd8 19. Qf3 Rd7 20. c5 Qc4 21. Rab1 Qd5 22. Qf4 d3 23. Rfd1 Qd4+ 24. Qxd4 Nxd4 25. Rxd3 Nc6 26. Rdb3 Nd8 27. a4 f6 28. a5 a6 29. Re3 Kf7 30. Rbe1 Re8 31. Rb3 Nc6 32. exf6 gxf6 33. Ra3 e5 34. Re4 Kg6 35. g4 hxg4 36. Rxg4+ Kf5 37. Rc4 Rg8 38. Kh2 Rdg7 39. g3 Nd4 40. Rcc3 Ke6 41. Re3 Nf5 42. Rf3 Rd7 43. Kh3 Nxd6 44. cxd6 Rxd6 45. g4 Rd4 46. Rg3 Rd5 47. Rab3 Rg7 48. Rb6+ Rd6 49. h5 Rxb6 50. axb6 e4 51. Rc3 Ke5 52. Kg3 Rg8 53. Rc7 Re8 54. Rxb7 e3 55. Kf3 Kd4 56. Ke2 Kc5 57.
h6 Kc6 58. Rf7 Kxb6 59. Rxf6+ Kb5 60. g5 a5 61. g6 a4 62. g7 a3 63. Rf8 a2 64. Rxe8 a1=Q 65. g8=Q Qb2+ 66. Kf3 Qf6+ 67. Kg4 Qxh6 68. Qg5+ Qxg5+ 69. Kxg5 Kc4 70. Rxe3 Kd4 71. Kf4 Kd5 72. Re4 Kd6 73. Re5 Kd7 74. Ke4 1-0

[Event "Late-Titled-Tuesday-Blitz-June-18-2024"]
[Site "Chess.com"]
[Date "2024.06.18"]
[Round "5"]
[White "GasconJR"]
[Black "Hrant_ChessMood"]
[Result "1-0"]
[WhiteElo "2656"]
[BlackElo "2881"]
[TimeControl "180+1"]
[EndTime "14:59:35 PDT"]
[Termination "GasconJR won on time"]

1. e4 c6 2. d4 d5 3. e5 c5 4. dxc5 e6 5. a3 Bxc5 6. Nf3 Ne7 7. Bd3 Ng6 8. b4 Be7 9. h4 Nc6 10. Qe2 Qc7 11. Bxg6 hxg6 12. Bb2 Bd7 13. Nbd2 a5 14.
b5 Na7 15. a4 Nc8 16. c4 Nb6 17. cxd5 Nxd5 18. Rc1 Qd8 19. g3 Rc8 20. O-O O-O 21. Ne4 Rxc1 22. Rxc1 Qb8 23. Nfg5 Rc8 24. Rxc8+ Qxc8 25.
h5 Bb4 26. hxg6 fxg6 27. Qg4 Qc2 28. Qf3 Be8 29. Bd4 Qc4 30. Be3 Ne7 31. Nd6 Bxd6 32.
exd6 Nf5 33. Qh1 Bf7 34. Qxb7 Nxd6 35. Qb8+ Ne8 36. Qa7 e5 37. Qxf7+ Qxf7 38. Nxf7 Kxf7 39. Bb6 Ke6 40. Bxa5 Kd5 41. Bc3 Nd6 42. b6 Kc6 43. a5 Nc4 44. Kg2 e4 45. Kf1 Kb7 46. Ke2 Ka6 47. Bb4 Nb2 48. Bc3 Nc4 49. Kf1 Nd6 50. Ke1 Nc4 51. Kd1 Kb7 52. Kc2 Ka6 53.
Kb3 Nd6 54. Bd4 Nf5 55. Bc3 e3 56. fxe3 Nxg3 57. Bxg7 g5 58. Kc4 g4 59. Be5 Ne2 60. Kd3 Ng1 61. e4 Nf3 62. Bf4 Nh4 63. e5 Ng6 64.
Bg3 Ne7 65. Be1 Nc6 66. Ke4 Kb7 67. Kf4 Ka6 68. Bc3 Ne7 69. Kxg4 Nd5 70. Bd2 Kb7 71. e6 Kc6 72. Kf5 Kd6 73. Bf4+ Kc6 74. Bg5 Kd6 75.
e7 Kd7 76. Kg6 Ke8 77. b7 1-0

[Event "Late-Titled-Tuesday-Blitz-June-18-2024"]
[Site "Chess.com"]
[Date "2024.06.18"]
[Round "5"]
[White "Chopper1905"]
[Black "vi_pranav"]
[Result "1/2-1/2"]
[WhiteElo "2915"]
[BlackElo "3036"]
[TimeControl "180+1"]
[EndTime "14:59:41 PDT"]
[Termination "Game drawn - insufficient material"]

1. d4 Nf6 2. c4 e6 3. Nf3 b6 4. g3 Ba6 5. b3 d5 6. Bg2 dxc4 7. Ne5 Bb4+ 8. Kf1 Bd6 9. Nxc4 Nd5 10. Bb2 Nc6 11.
Nbd2 O-O 12. Rc1 Nde7 13. Bf3 Rc8 14. Kg2 Bb4 15. a3 Bxd2 16. Qxd2 Qd7 17. Rhd1 Rfd8 18. e4 Qe8 19. Qc3 f6 20. d5 Bxc4 21. Qxc4 Na5 22. Qc2 exd5 23. exd5 Qd7 24. Be4 h6 25. Qe2 Nb7 26. Bb1 Nd6 27. Qd3 Qf5 28. Qd4 Qh5 29. Qd3 Ndf5 30. Qe4 Kf8 31. Re1 Nxd5 32. Qxf5 Qxf5 33.
Bxf5 Rb8 34. Be6 c5 35. Rcd1 Ne7 36. h4 Nc6 37. h5 Na5 38. Bc3 Nc6 39. Bd7 Ne7 40.
Be6 a6 41. a4 b5 42. axb5 axb5 43. Ba5 Rxd1 44. Rxd1 Re8 45. Bd7 Ra8 46. Bc3 Ra3 47.
Bxb5 Nf5 48. Bc4 Ra2 49. Ra1 Rc2 50. Ra8+ Ke7 51. Ra7+ Kd6 52. Kf3 Rxc3+ 53. Ke4 Nd4 54. Rxg7 Rf3 55. g4 Rxf2 56. Ke3 Rf3+ 57. Ke4 Rf2 58.
Rg6 Nc6 59. Rxh6 Ne5 60. g5 Ng4 61. Rg6 Ke7 62. h6 fxg5 63. Rxg5 Nf6+ 64. Ke5 Nd7+ 65.
Kd5 Rh2 66. Rg7+ Kd8 67. Rg6 Rh5+ 68. Kd6 Nf8 69. Rf6 Nh7 70. Re6 Nf8 71. Rf6 Nh7 72. Rf7 Rxh6+ 73. Be6 Rxe6+ 74. Kxe6 Ng5+ 75. Kf6 Nxf7 76. Kxf7 Kd7 77. Kf6 Kd6 78. Kf7 Kd5 79. Ke7 Kd4 80. Kd6 Kc3 81. Kxc5 Kxb3 1/2-1/2

[Event "Late-Titled-Tuesday-Blitz-June-18-2024"]
[Site "Chess.com"]
[Date "2024.06.18"]
[Round "5"]
[White "NailBashirli"]
[Black "FuenfgegenWilly"]
[Result "1-0"]
[WhiteElo "2750"]
[BlackElo "2525"]
[TimeControl "180+1"]
[EndTime "14:59:42 PDT"]
[Termination "NailBashirli won by resignation"]

1. e4 c5 2. Nf3 a6 3. Nc3 b6 4.
d4 cxd4 5. Nxd4 Bb7 6. Bc4 e6 7. Be3 Qc7 8. Bb3 Bb4 9. Qd3 Nf6 10. f3 O-O 11. O-O Nc6 12. Nxc6 Qxc6 13. Ne2 Bc5 14.
Rad1 a5 15. Nd4 Qc7 16. Nb5 Qc6 17. a4 Rfd8 18. e5 Ne8 19. Bxc5 Qxc5+ 20. Qd4 f6 21.
Qxc5 bxc5 22. f4 Bc6 23. f5 Kf7 24. Nd6+ Nxd6 25. Rxd6 Be4 26. exf6 gxf6 27. fxe6+ Ke7 28. Rxd7+ Rxd7 29. exd7 f5 30. Rd1 Rd8 31. c3 Rxd7 32. Rxd7+ Kxd7 33. Kf2 f4 34. Bd1 Kd6 35. b3 Ke5 36.
Be2 h6 37. Bc4 Bc6 38. g3 fxg3+ 39. Kxg3 Kf6 40. Kf4 Bb7 41. Bd3 Bd5 42. Bc2 Bc6 43.
Ke3 Ke5 44. Bd3 Bd7 45. Bc4 Bf5 46. Kd2 Bg4 47. Ke3 Bd1 48. Kd2 Bh5 49. Be2 Bf7 50.
Bd1 Be6 51. Ke3 Bf7 52. Bc2 Be6 53. c4 Bf7 54. Be4 Bh5 55. Bf3 Bg6 56. Bd1 Bf5 57. h4 Bh7 58. Kd2 Kd4 59. Bc2 Bg8 60. Bf5 Bf7 61.
Bd7 Bh5 62. Bf5 Bf3 63. Bd7 Ke4 64.
Bc6+ Kf4 65. Bxf3 Kxf3 66. Kd3 Kg4 67. Ke4 Kxh4 68. b4 cxb4 69. c5 b3 70. Kd3 Kg3 71. c6 h5 72. c7 h4 73. c8=Q h3 74. Qg8+ Kh2 75. Qxb3 Kg1 76. Qd1+ Kg2 77. Qe2+ Kg1 78. Qe1+ Kg2 79. Qe4+ Kg1 80. Qg4+ Kh2 81. Ke3 1-0

[Event "Late-Titled-Tuesday-Blitz-June-18-2024"]
[Site "Chess.com"]
[Date "2024.06.18"]
[Round "5"]
[White "familijatop71"]
[Black "AustinThomas12345"]
[Result "1-0"]
[WhiteElo "2310"]
[BlackElo "2461"]
[TimeControl "180+1"]
[EndTime "14:59:43 PDT"]
[Termination "familijatop71 won on time"]

1. e4 c5 2. c3 d5 3. exd5 Qxd5 4. Nf3 g6 5. Na3 Bg7 6. Bc4 Qe4+ 7. Be2 Nf6 8. O-O O-O 9. Re1 Qc6 10. d4 cxd4 11.
Nxd4 Qb6 12. Nc4 Qc7 13. Qb3 Ng4 14. Nf3 Nc6 15. h3 Nf6 16. Be3 Nd5 17. Bg5 h6 18. Bh4 Nf4 19. Bg3 Nxe2+ 20. Rxe2 Qd7 21. Nce5 Qf5 22.
Nxc6 bxc6 23. Rxe7 Be6 24. Qa3 Rfd8 25. Rxa7 Rxa7 26.
Qxa7 Bd5 27. Nd4 Qe4 28. f3 Qd3 29. Re1 Qd2 30. Qb6 Ra8 31. a3 Rc8 32. Qb7 Rd8 33. Qe7 Rb8 34. Qe3 Qxe3+ 35. Rxe3 Rxb2 36. Re8+ Kh7 37. Rc8 Rxg2+ 38. Kxg2 h5 39. Nxc6 Be6 40. Rc7 Bf8 41. Ne5 Bd6 42. Rc6 Bxa3 43. Ra6 Bc1 44. c4 Bc8 45. Ra7 Be6 46. Nxf7 Kg8 47. Ng5 Bxg5 48.
c5 Be3 49. Ra8+ Kf7 50. Bf2 Bf4 51. c6 Bd5 52. Ra7+ Ke8 53. c7 Kd7 54. Bg3 Bg5 55. Ra5 Be6 56. Rxg5 Bf5 57. f4 Be6 58. Rxg6 Bd5+ 59.
Kf2 Bb7 60. Ke3 Bc8 61. f5 Ke7 62. Rh6 Kf7 63. Rh8 Bd7 64. c8=Q Bxc8 65. Rxc8 h4 66. Bxh4 Kg7 67. Kf4 Kf7 68. Bg3 Ke7 69. h4 Kf7 70. h5 Kg7 71. Rc1 Kh7 72. Rh1 Kh6 73. Bh4 Kg7 74. Bg5 Kh7 75. h6 Kh8 76. Rc1 Kh7 77.
Ke5 Kg8 78. Kf6 Kh7 79. Rc7+ Kh8 80. Kg6 1-0

[Event "Late-Titled-Tuesday-Blitz-June-18-2024"]
[Site "Chess.com"]
[Date "2024.06.18"]
[Round "5"]
[White "Bob_2004"]
[Black "zverr1"]
[Result "1-0"]
[WhiteElo "2756"]
[BlackElo "2542"]
[TimeControl "180+1"]
[EndTime "14:59:55 PDT"]
[Termination "Bob_2004 won on time"]

1. d4 Nf6 2. c4 g6 3. Nc3 d5 4.
Bf4 Bg7 5. e3 O-O 6. cxd5 c5 7.
dxc6 Nxc6 8. Nf3 Bf5 9. Be2 Ne4 10. O-O Rc8 11. Nxe4 Bxe4 12. Nd2 Bf5 13. e4 Qxd4 14. Be3 Qxb2 15. Rb1 Qxa2 16. exf5 Rfd8 17. fxg6 hxg6 18. Rxb7 Bc3 19. Qb1 Rxd2 20. Bxd2 Qxb1 21. Rfxb1 Bxd2 22. Bg4 Ra8 23. Bf3 Nd4 24. Rb8+ Rxb8 25. Rxb8+ Kg7 26. Bd1 Bg5 27. Ra8 Nb5 28. Ba4 Nd4 29. Rxa7 Bf6 30.
Bd1 Nf5 31. Ra2 Nd6 32. g3 Nc4 33. Bb3 Nd6 34. Kg2 Nf5 35. h4 Nd6 36. Bd5 Nb5 37.
Ra5 Nd6 38. Ra7 Nb5 39. Rd7 Nd6 40. Kh3 Nb5 41. g4 g5 42. f4 gxh4 43. g5 Bc3 44.
Rxe7 Nd6 45. Rd7 Bb4 46. Kxh4 Be1+ 47. Kg4 Bb4 48. Rc7 Kf8 49. f5 Ba3 50. Ra7 Bb4 51. f6 Ke8 52. g6 fxg6 53. Rg7 Kd8 54. Kg5 Nf5 55. Rg8+ Kd7 56. Kxg6 Nh4+ 57. Kg7 Nf5+ 58. Kg6 Nd6 59. Rg7+ Kd8 60. f7 Nxf7 61. Rxf7 Be7 62. Rf5 Kc7 63. Bf7 Kd6 64. Kh5 Bd8 65. Bg6 Bc7 66.
Kg4 Ke6 67. Kf3 Kd6 68. Ke4 Bb6 69. Rf6+ Kc7 70. Kd5 Bg1 71. Rf7+ Kc8 72. Kc6 Kb8 73.
Be4 Be3 74. Rf8+ Ka7 75. Re8 Bg1 76. Rh8 Bf2 77. Kc7 Ka6 78. Ra8+ Kb5 79. Kd6 Kc4 80.
Bd5+ Kd4 81. Ra4+ Kc3 82. Ke5 Bg3+ 83. Ke4 Bd6 84. Rc4+ Kb2 85. Kd3 Be5 86. Rc6 Ka1 87. Kc2 1-0

[Event "Late-Titled-Tuesday-Blitz-June-18-2024"]
[Site "Chess.com"]
[Date "2024.06.18"]
[Round "5"]
[White "RZ0"]
[Black "rychessmaster1"]
[Result "1/2-1/2"]
[WhiteElo "2545"]
[BlackElo "2744"]
[TimeControl "180+1"]
[EndTime "14:59:56 PDT"]
[Termination "Game drawn - insufficient material"]

1. Nf3 c5 2. e4 e6 3. b3 d5 4. Bb5+ Nc6 5. exd5 exd5 6. O-O Be7 7. d4 a6 8. Bxc6+ bxc6 9. dxc5 Bxc5 10. Bb2 Nf6 11. Re1+ Kf8 12. c4 Bg4 13. cxd5 Qxd5 14. Bxf6 Qxd1 15.
Rxd1 gxf6 16. Nbd2 Ba3 17. h3 Bh5 18. Nc4 Bxf3 19.
gxf3 Bb4 20. Rd7 Rg8+ 21. Kf1 Re8 22. Rc7 Re6 23. Rd1 Rg5 24. Ne3 Bc5 25. f4 Rh5 26. Nc4 Rxh3 27. Rdd7 Rh2 28. Rxf7+ Ke8 29. Ne3 Bxe3 30. fxe3 Rxe3 31. Rg7 Kf8 32. Rcf7+ Ke8 33.
Ra7 Kf8 34. Rgf7+ Kg8 35. Rfc7 Rhe2 36. Rc8+ Re8 37. Rxe8+ Rxe8 38. Rxa6 Re4 39. Rxc6 Rxf4+ 40. Ke2 h5 41. Ke3 Rf1 42. b4 Kg7 43. b5 h4 44.
b6 h3 45. Rc7+ Kg6 46. b7 Rb1 47. Rc2 Rxb7 48. Rh2 Ra7 49. Kf4 Ra3 50. Kg4 f5+ 51. Kh4 Kf6 52. Rxh3 Rxa2 53. Rb3 Rg2 54. Kh3 Rg4 55. Rg3 Rd4 56. Kg2 Ke5 57. Kf2 Rd2+ 58. Kf1 Rb2 59. Re3+ Kd4 60. Rf3 Ke4 61. Ra3 f4 62.
Rc3 Kf5 63. Ra3 Kg4 64. Rc3 Rh2 65. Rb3 Rh1+ 66. Kf2 Rc1 67. Ra3 Rc2+ 68. Kf1 Rc5 69. Rb3 Ra5 70. Rc3 Ra2 71. Rb3 Ra1+ 72. Kf2 Ra2+ 73.
Kf1 Kf5 74. Rc3 Ke4 75. Rb3 Kd4 76. Rf3 Ra1+ 77. Kf2 Ke4 78. Rb3 Rc1 79. Ra3 Rc2+ 80. Kf1 Rd2 81. Ke1 Rh2 82. Kf1 Rd2 83. Ke1 Rd7 84. Kf2 Kf5 85. Kf3 Rd5 86. Rb3 Kg5 87.
Ra3 Rd1 88. Ra5+ Kf6 89. Kxf4 Rf1+ 90. Ke3 Rf5 91. Rxf5+ Kxf5 1/2-1/2